 Dungeon Crawl Stone Soup version 0.22-a0-265-g0d8bc90 (webtiles) character file.

37197 RoseArtemis the Warrior (level 13, 0/192 HPs)
             Began as a Minotaur Berserker on Mar 7, 2018.
             Was a High Priest of Trog.
             Succumbed to a spiny frog's poison
             ... on level 6 of the Lair of Beasts.
             The game lasted 00:48:12 (23247 turns).

RoseArtemis the Warrior (Minotaur Berserker)       Turns: 23247, Time: 00:48:12

Health: 0/192      AC: 19    Str: 30    XL:     13   Next: 57%
Magic:  15/15      EV: 10    Int: 11    God:    Trog [*****.]
Gold:   1061       SH:  8    Dex: 14    Spells: 12/12 levels left

rFire    . . .     SeeInvis +   b - +1 trident (venom)
rCold    . . .     Gourm    .   J - +0 shield
rNeg     . . .     Faith    .   F - +0 plate armour
rPois    +         Spirit   .   (helmet restricted)
rElec    .         Reflect  .   (no cloak)
rCorr    .         Harm     .   A - +4 pair of gloves of the Enchanted Forest {Str+2 Int+7 SInv}
MR       .....                  (no boots)
Stlth    ..........             H - amulet of the acrobat
HPRegen  0.42/turn              x - ring of poison resistance
MPRegen  0.14/turn              h - ring of see invisible

@: berserking (expiring), lethally poisoned (0 -> -10), fainting, very quick
A: retaliatory headbutt, horns 2
a: Berserk, Trog's Hand, Brothers in Arms, Renounce Religion


You were on level 6 of the Lair of Beasts.
You worshipped Trog.
Trog was extremely pleased with you.
You were fainting.

You visited 3 branches of the dungeon, and saw 17 of its levels.

You collected 1359 gold pieces.
You spent 298 gold pieces at shops.

Inventory:

Hand Weapons
 a - a +0 hand axe
 b - a +1 trident of venom (weapon)
 T - a +2 antimagic battleaxe
Armour
 A - the +4 pair of gloves of the Enchanted Forest (worn) {Str+2 Int+7 SInv}
   (You bought it in a shop on level 7 of the Dungeon)

   It affects your strength (+2).
   It affects your intelligence (+7).
   It lets you see invisible.
 F - a +0 plate armour (worn)
 J - a +0 shield (worn)
Jewellery
 e - an uncursed ring of protection from cold
 h - a ring of see invisible (right hand)
 j - an uncursed ring of protection from fire
 x - a ring of poison resistance (left hand)
 H - an amulet of the acrobat (around neck)
 L - an uncursed ring of protection from fire
Wands
 q - a wand of iceblast (19)
 C - a wand of disintegration (17)
 E - a wand of random effects (21)
 N - a wand of scattershot (8)
 P - a wand of polymorph (9)
 S - a wand of digging (9)
 U - a wand of paralysis (21)
Scrolls
 f - 12 scrolls of teleportation
 g - 2 scrolls of noise {unknown}
 l - 3 scrolls of magic mapping {unknown}
 m - 3 scrolls of enchant armour {unknown}
 n - 4 scrolls of blinking
 o - 5 scrolls of immolation {unknown}
 p - 2 scrolls of fog
 r - 6 scrolls of amnesia {unknown}
 w - a scroll of fear
 y - 10 scrolls of remove curse
 B - a scroll of silence {unknown}
 D - a scroll of acquirement {unknown}
 O - a scroll of brand weapon {unknown}
 W - 3 scrolls of identify
Potions
 d - 2 potions of magic {unknown}
 i - 2 potions of ambrosia
 k - 4 potions of agility
 s - 2 potions of mutation {unknown}
 t - 3 potions of berserk rage
 u - 3 potions of might
 v - 3 potions of brilliance
 z - 3 potions of flight {unknown}
 G - a potion of invisibility {unknown}
 I - 3 potions of haste {unknown}
 K - a potion of resistance {unknown}
 M - 3 potions of curing
 Q - 2 potions of lignification {unknown}
 R - 2 potions of cancellation {unknown}
Comestibles
 c - 23 rations


   Skills:
 - Level 16.0 Fighting
 - Level 14.0(15.2) Axes
 * Level 10.2(13.3) Polearms
 - Level 10.0 Armour
 + Level 9.4 Dodging
 + Level 4.4 Evocations


You had 12 spell levels left.
You didn't know any spells.

Dungeon Overview and Level Annotations

Branches:
Dungeon (10/15)            Temple (1/1) D:7            Lair (6/6) D:8
  Swamp (0/4) Lair:3       Spider (0/4) Lair:4        Slime (0/5) Lair:5
    Orc (0/2) D:9

Altars:
Ashenzari
Cheibriados
Dithmenos
Elyvilon
Gozag
Hepliaklqana
Kikubaaqudgha
Makhleb
Nemelex Xobeh
Okawaru
Qazlal
Ru
Sif Muna
Trog
Uskayaw
Vehumet
Wu Jian
Xom
Yredelemnul
Zin
The Shining One
Jiyva

Shops:
D:7 ?[%   D:9 [   D:10 *


Innate Abilities, Weirdness & Mutations

You reflexively headbutt those who attack you in melee.
You have a pair of horns on your head.


Message History

You feel sick.
Your shield and plate armour prevent you from hitting the blink frog.
You kill the blink frog!
Trog accepts your kill.
You completely miss the tyrant leech. Your headbutt misses the tyrant leech.
The tyrant leech is severely wounded.
You feel sick. The tyrant leech barely misses you. The spiny frog stings you!
* * * LOW HITPOINT WARNING * * *
You hit the tyrant leech.
The tyrant leech looks as sick as possible!
The tyrant leech is severely wounded.
* * * LOW HITPOINT WARNING * * *
You feel sick.
You are too berserk!
You are fainting from starvation!
You puncture the tyrant leech!
The tyrant leech looks as sick as possible!
Your headbutt misses the tyrant leech.
The tyrant leech is almost dead.
You die...

.#.......PP ###≈.......
#....P....
##≈≈≈≈.....#####..##.#.
#≈≈≈≈≈≈...##P##†..####.
≈#≈≈≈≈.........P....###.
≈P≈≈≈P...P.....P...#.#..
≈≈;≈≈...........P.<.....
≈≈≈≈≈........#.##.......
≈≈≈≈≈.w@....####.#....#.
≈≈F≈≈.F#....## ######...
≈≈≈≈≈..#.....# ## #...
≈≈≈≈.≈##....## ..###...
≈≈≈≈..#...P.P###.P......
≈≈≈..##.......P...P.....
≈P≈P. #......P...P.#....
≈≈≈≈.≈P..##..#P......#......
≈.).P....≈#..###..##.........


You could see a tyrant leech, a spiny frog, a blink frog and an electric eel.

Vanquished Creatures
  Josephine (D:10)
  6 hydras
  A catoblepas (Lair:4)
  Erica (Lair:1)
  A two-headed ogre (D:8)
  A wolf spider (Lair:3)
  5 elephants (Lair:5)
  3 black mambas
  A gargoyle (D:10)
  17 spiny frogs
  4 rime drakes
  4 komodo dragons
  A queen bee (Lair:1)
  A polar bear (Lair:5)
  3 hornets
  A troll (D:9)
  A jumping spider (Lair:4)
  14 blink frogs
  8 dream sheep
  7 hippogriffs
  2 slime creatures (D:5)
  A tyrant leech (Lair:6)
  A redback (Lair:4)
  6 wraiths (D:10)
  6 yaks
  2 wyverns
  Grum (D:8)
  4 basilisks
  2 hungry ghosts
  Menkaure (D:4)
  3 vampire mosquitoes
  A soldier ant (D:9)
  An acid dragon (D:10)
  10 water moccasins
  3 porcupines (Lair:2)
  5 orc warriors
  A sky beast (D:7)
  An ice beast (D:6)
  3 black bears
  A phantom (D:9)
  An eye of draining (D:8)
  A necrophage (D:8)
  8 wolves
  2 ogres
  A centaur (D:9)
  4 crocodiles
  6 big kobolds
  Blork the orc (D:6)
  16 bullfrogs
  2 gnoll sergeants (D:9)
  2 wyvern skeletons (D:9)
  29 killer bees
  2 howler monkeys (D:5)
  3 electric eels (Lair:4)
  5 crimson imps
  3 bullfrog zombies
  A centaur zombie (D:9)
  A quasit (D:9)
  5 jellies
  4 orc priests
  5 hounds
  15 orc wizards
  2 centaur skeletons
  4 iguanas
  11 worker ants
  A killer bee zombie (D:5)
  A hound zombie (D:6)
  A hound skeleton (D:2)
  A worker ant zombie (D:6)
  A howler monkey zombie (D:6)
  5 gnolls
  22 adders
  2 shadow imps
  6 oozes (D:5)
  An adder zombie (D:9)
  6 worms
  3 dart slugs
  4 leopard geckos
  47 orcs
  10 bats
  2 bat skeletons (D:7)
  3 bat zombies (D:7)
  6 giant cockroaches
  10 goblins
  14 hobgoblins
  14 jackals
  2 quokkas (D:4)
  3 frilled lizards
  14 kobolds
  A leopard gecko skeleton (D:5)
  2 rats (D:1)
  2 fungi
  A plant (Lair:3)
455 creatures vanquished.

Vanquished Creatures (collateral kills)
  3 dream sheep (Lair:5)
3 creatures vanquished.

Vanquished Creatures (others)
  2 orcs (D:10)
  31 fungi
  28 plants
  6 toadstools (D:5)
67 creatures vanquished.

Grand Total: 525 creatures vanquished

Notes
Turn   | Place    | Note
-------+----------+-------------------------------------------
     0 | D:1      | RoseArtemis the Minotaur Berserker began the quest for the Orb.
     0 | D:1      | Reached XP level 1. HP: 19/19 MP: 0/0
   199 | D:1      | Reached XP level 2. HP: 24/27 MP: 1/1
   575 | D:1      | Reached ** piety under Trog
   686 | D:1      | Reached XP level 3. HP: 33/33 MP: 2/2
   838 | D:2      | Reached skill level 4 in Fighting
  1169 | D:2      | Reached XP level 4. HP: 30/40 MP: 3/3
  1721 | D:2      | Reached skill level 5 in Axes
  2084 | D:3      | Reached XP level 5. HP: 31/47 MP: 4/4
  2567 | D:3      | Reached *** piety under Trog
  2798 | D:3      | Found a glowing silver altar of Zin.
  3393 | D:3      | Reached XP level 6. HP: 46/55 MP: 5/5
  3547 | D:4      | Noticed Menkaure
  3558 | D:4      | Killed Menkaure
  3558 | D:4      | Reached skill level 5 in Fighting
  4064 | D:4      | Reached XP level 7. HP: 59/61 MP: 6/6
  4216 | D:4      | Found a shimmering altar of Xom.
  4379 | D:4      | Got a twitching pewter ring
  4525 | D:5      | Entered Level 5 of the Dungeon
  4788 | D:5      | Reached skill level 5 in Armour
  4941 | D:5      | Reached skill level 6 in Fighting
  5117 | D:5      | Reached skill level 5 in Dodging
  5117 | D:5      | Reached XP level 8. HP: 62/70 MP: 7/7
  5595 | D:5      | Noticed a slime creature
  5596 | D:5      | Noticed a slime creature
  5605 | D:5      | Killed a slime creature
  5608 | D:5      | Killed a slime creature
  6021 | D:6      | Reached skill level 7 in Fighting
  6076 | D:6      | Reached **** piety under Trog
  6270 | D:6      | Noticed Blork the orc
  6278 | D:6      | Killed Blork the orc
  6534 | D:6      | Reached XP level 9. HP: 75/79 MP: 8/8
  6954 | D:6      | Reached skill level 10 in Axes
  7243 | D:7      | Found an ancient bone altar of Kikubaaqudgha.
  7468 | D:7      | Found a staircase to the Ecumenical Temple.
  7469 | D:7      | Found Zutiowk's Food Shoppe.
  7481 | D:7      | Found Guvareg's Antique Armour Boutique.
  7484 | Temple   | Entered the Ecumenical Temple
  7637 | D:7      | Bought a pair of scorched gloves for 228 gold pieces
  7637 | D:7      | Identified the +4 pair of gloves of the Enchanted Forest {Str+2 Int+7 SInv} (You bought it in a shop on level 7 of the Dungeon)
  7649 | D:7      | Identified the ring "Waaph" {Ice MR+ Str-5 Dex+4} (You found it on level 4 of the Dungeon)
  7895 | D:7      | Found Soery's Magic Scroll Emporium.
  7910 | D:7      | Reached skill level 8 in Fighting
  8057 | D:7      | Bought a scroll of identify for 20 gold pieces
  8057 | D:7      | Bought a scroll of remove curse for 30 gold pieces
  8057 | D:7      | Bought a scroll of identify for 20 gold pieces
  8734 | D:8      | Noticed a two-headed ogre
  8747 | D:8      | Killed a two-headed ogre
  9271 | D:8      | Found a shattered altar of Ashenzari.
  9348 | D:8      | Reached skill level 9 in Fighting
  9361 | D:8      | Found a snail-covered altar of Cheibriados.
  9415 | D:8      | Found a staircase to the Lair.
  9475 | D:8      | Reached XP level 10. HP: 78/91 MP: 9/9
  9574 | D:8      | Noticed Grum
  9596 | D:8      | Killed Grum
 10137 | D:9      | Reached ***** piety under Trog
 10389 | D:9      | Found a shattered altar of Ashenzari.
 10495 | D:9      | Received a gift from Trog
 10504 | D:9      | Found Dach's Antique Armour Boutique.
 10699 | D:9      | Found an ornate altar of the Wu Jian Council.
 10743 | D:9      | Found a staircase to the Orcish Mines.
 10766 | D:9      | Reached skill level 10 in Fighting
 11544 | D:9      | Reached skill level 10 in Armour
 11694 | D:10     | Entered Level 10 of the Dungeon
 12110 | D:10     | Noticed a gargoyle
 12135 | D:10     | Killed a gargoyle
 12396 | D:10     | Noticed Josephine
 12399 | D:10     | Received a gift from Trog
 12414 | D:10     | Killed Josephine
 12414 | D:10     | Reached XP level 11. HP: 101/101 MP: 10/10
 12422 | D:10     | Reached skill level 11 in Fighting
 12626 | D:10     | Found an iron altar of Okawaru.
 12748 | D:10     | Found Iceguol's Changing Room.
 13380 | Lair:1   | Entered Level 1 of the Lair of Beasts
 13682 | Lair:1   | Noticed Erica
 13695 | Lair:1   | Killed Erica
 13695 | Lair:1   | Reached skill level 12 in Fighting
 13952 | Lair:1   | Reached skill level 13 in Fighting
 15252 | Lair:2   | Reached skill level 14 in Fighting
 16131 | Lair:3   | Reached skill level 1 in Evocations
 16286 | Lair:3   | Found a staircase to the Swamp.
 16419 | Lair:3   | Reached XP level 12. HP: 104/118 MP: 12/12
 18005 | Lair:4   | Reached skill level 1 in Polearms
 18119 | Lair:4   | Reached skill level 15 in Fighting
 18127 | Lair:4   | Received a gift from Trog
 18500 | Lair:4   | Found a hole to the Spider Nest.
 19033 | Lair:4   | Noticed an eight-headed hydra
 19047 | Lair:4   | Killed an eight-headed hydra
 19047 | Lair:4   | Reached skill level 5 in Polearms
 19359 | Lair:4   | Noticed a catoblepas
 19372 | Lair:4   | Killed a catoblepas
 19828 | Lair:5   | Found a staircase to the Slime Pits.
 19829 | Lair:5   | Found a viscous altar of Jiyva.
 19940 | Lair:5   | Noticed a six-headed hydra
 19952 | Lair:5   | Killed a six-headed hydra
 20458 | Lair:5   | Reached XP level 13. HP: 127/127 MP: 15/15
 22036 | Lair:5   | Found a glowing golden altar of the Shining One.
 22230 | Lair:6   | Entered Level 6 of the Lair of Beasts
 22662 | Lair:6   | Reached skill level 16 in Fighting
 23223 | Lair:6   | Reached skill level 10 in Polearms
 23245 | Lair:6   | HP: 2/192 [spiny frog (17)]
 23247 | Lair:6   | Succumbed to a spiny frog's poison

Vault maps used:
D:1:      minmay_arrival_checkered_box
D:2:      first_ration, grunt_decor_resistance, corexii_shack
D:3:      zin_academy, minmay_tree_intersection, minmay_goblin_outpost
D:4:      overflow_temple_1_default, uniq_menkaure
D:5:      cheibrodos_fertilizer
D:6:      nicolae_overflow_hidden_temple, nicolae_sextant, uniq_blork_the_orc
D:7:      kennysheep_vampire_church, temple_statues, serial_shops, shop,
          nicolae_shop_stone, nicolae_shop_trees
D:8:      ashenzari_conservatory_becter, kennysheep_mini, lair_entry_dummy,
          uniq_grum
D:9:      minmay_goldmine, lemuel_doored_altar,
          kennysheep_orc_monster_closet_entryway, basic_altar, serial_shops,
          nicolae_shop_overgrown_old_shop, hangedman_pestilent_swarm
D:10:     basic_altar, nicolae_transmutations_shop, uniq_josephine
Temple:   regret_index_temple_waves
Lair:1:   special_room, uniq_erica
Lair:2:   special_room, lab_entry_generic, grunt_megastairs_2
Lair:3:   minmay_lair_venomous_thicket, swamp_mist, special_room
Lair:4:   spider_nest_entry_a, serial_bayou_shore_a
Lair:5:   cheibrodos_lair_river_kwai, slime_altar_1, basic_altar
Lair:6:   minmay_lair_end_frog_pond

Skill      XL: |  1  2  3  4  5  6  7  8  9 10 11 12 13 |
---------------+----------------------------------------+-----
Axes           | 4 5 6 7 9 11 14 | 14.0
Armour         | 3 4 5 7 8 10 | 10.0
Fighting       | 4 5 6 7 9 10 14 15 16 | 16.0
Dodging        | 3 4 5 8 9 |  9.4
Evocations     | 1 4 |  4.4
Polearms       | 7 10 | 10.2

Action                   |  1- 3 |  4- 6 |  7- 9 | 10-12 | 13-15 || total
-------------------------+-------+-------+-------+-------+-------++-------
Melee: Hand axe          |    69 |   120 |   349 |   735 |       ||  1273
       Headbutt          |    10 |    25 |    91 |   255 |    54 ||   435
       Trident           |       |       |       |   185 |   200 ||   385
       Battleaxe         |       |       |       |     5 |       ||     5
Invok: Berserk           |     1 |     4 |     5 |    12 |     4 ||    26
       Trog's Hand       |       |       |       |     1 |       ||     1
       Brothers in Arms  |       |       |       |       |     1 ||     1
  Use: Scroll            |     1 |     4 |    13 |     8 |       ||    26
       Potion            |       |       |       |     5 |       ||     5
 Stab: Sleeping          |       |     2 |       |       |       ||     2
  Eat: Chunk             |     1 |    14 |    15 |    32 |     1 ||    63
       Ration            |       |       |     2 |     5 |     3 ||    10
Armor: Animal skin       |    10 |     7 |       |       |       ||    17
       Chain mail        |       |     3 |   161 |   100 |       ||   264
       Plate armour      |       |       |       |   330 |   131 ||   461
Dodge: Dodged            |    53 |    54 |   156 |   379 |    95 ||   737
Block: Shield            |       |       |       |   116 |    94 ||   210

Table legend:
 A = Spawn XP
 B = Non-spawn XP
 C = Spawn XP percentage of total XP
 D = Spawn monster count
 E = Non-spawn monster count
 F = Spawn count percentage of total count
 G = Total turns spent on level
                    A         B        C        D         E        F      G
               +---------+---------+-------+---------+---------+-------+---------
         Total |       0 |   53139 |   0.0 |       0 |     455 |   0.0 | 23247
               +---------+---------+-------+---------+---------+-------+---------
           D:1 |       0 |      45 |   0.0 |       0 |      24 |   0.0 |   823
           D:2 |       0 |     113 |   0.0 |       0 |      26 |   0.0 |  1173
           D:3 |       0 |     226 |   0.0 |       0 |      30 |   0.0 |  1593
           D:4 |       0 |     486 |   0.0 |       0 |      14 |   0.0 |  1087
           D:5 |       0 |    1175 |   0.0 |       0 |      34 |   0.0 |  1381
           D:6 |       0 |     818 |   0.0 |       0 |      26 |   0.0 |  1206
           D:7 |       0 |     741 |   0.0 |       0 |      23 |   0.0 |  1158
           D:8 |       0 |    2776 |   0.0 |       0 |      30 |   0.0 |  1950
           D:9 |       0 |    3604 |   0.0 |       0 |      60 |   0.0 |  1546
          D:10 |       0 |    3172 |   0.0 |       0 |      24 |   0.0 |  1424
        Lair:1 |       0 |    3724 |   0.0 |       0 |      31 |   0.0 |  1146
        Lair:2 |       0 |    3149 |   0.0 |       0 |      17 |   0.0 |  1400
        Lair:3 |       0 |    4899 |   0.0 |       0 |      22 |   0.0 |  1590
        Lair:4 |       0 |    8499 |   0.0 |       0 |      33 |   0.0 |  2211
        Lair:5 |       0 |   11626 |   0.0 |       0 |      34 |   0.0 |  3162
        Lair:6 |       0 |    8086 |   0.0 |       0 |      27 |   0.0 |   258
               +---------+---------+-------+---------+---------+-------+---------
